 Seeded DCSS version 0.29-a0-72-g1732ff48e7 (webtiles) character file.

Game seed: 10000000000011 (custom seed)

278 knot the Chopper (level 6, -3/57 (70) HPs)
             Began as a Demonspawn Berserker on Feb 3, 2022.
             Was a Follower of Trog.
             Slain by Duvessa (4 damage)
             ... on level 4 of the Dungeon.
             The game lasted 00:03:24 (4226 turns).

knot the Chopper (Demonspawn Berserker)             Turns: 4226, Time: 00:03:25

HP:   -3/57 (70)    AC:  2    Str: 17    XL:     6   Next: 5%
MP:   6/6           EV: 12    Int: 11    God:    Trog [*.....]
Gold: 112           SH:  5    Dex: 12    Spells: 5/5 levels left

rFire   . . .      SeeInvis .   r - +0 war axe
rCold   . . .      Faith    .   (no shield)
rNeg    . . .      Spirit   .   b - +0 animal skin
rPois   .          Reflect  +   (no helmet)
rElec   .          Harm     .   (no cloak)
rCorr   .          Rampage  .   (no gloves)
Will    .....                   (no boots)
Stlth   ..........              d - amulet of reflection
HPRegen 0.19/turn               (no ring)
MPRegen 0.20/turn               (no ring)

@: mighty, berserking, heavily drained, very quick
A: magic regeneration, demonic touch 2
a: Renounce Religion, Berserk


You were on level 4 of the Dungeon.
You worshipped Trog.
Trog was aware of your devotion.
You visited 2 branches of the dungeon, and saw 5 of its levels.

You collected 112 gold pieces.

Inventory:

Hand Weapons
 r - a +0 war axe (weapon)
Missiles
 f - 85 stones
 h - 18 arrows
 j - 2 poisoned darts (quivered)
 q - 4 boomerangs
Armour
 b - a +0 animal skin (worn)
Jewellery
 d - an amulet of reflection (around neck)
Wands
 o - a wand of polymorph (8)
Scrolls
 c - a scroll of amnesia {unknown}
 m - 2 scrolls of identify {unknown}
 n - 2 scrolls of blinking {unknown}
 p - a scroll of fog {unknown}
Potions
 l - a potion of heal wounds {unknown}


   Skills:
 - Level 3.4 Fighting
 * Level 4.5 Axes
 * Level 2.9 Throwing
 - Level 2.3 Armour
 - Level 2.3 Dodging


You had 5 spell levels left.
You didn't know any spells.
Your spell library contained the following spells:

 Spells                   Type           Power      Damage    Failure   Level
 Corpse Rot               Necr/Air       0%         N/A       47%         2
 Poisonous Vapours        Pois/Air       0%         N/A       47%         2


Dungeon Overview and Level Annotations

Branches:
Dungeon (4/15)             Temple (1/1) D:4

Altars:
Ashenzari
Qazlal
Yredelemnul

Shops:
D:3 [

Annotations:
D:4 Dowan, Duvessa


Innate Abilities, Weirdness & Mutations

You regenerate magic rapidly.
Your touch may inflict irresistible damage on your foes.


Message History

You hit the centaur skeleton. You closely miss the goblin. You hit Dowan.
The goblin closely misses you.
Duvessa hits you with a +2 short sword of draining!
You feel drained.
The centaur skeleton closely misses you.
The centaur skeleton kicks you but does no damage.
Dowan zaps a wand.
The puff of flame hits you!
You slash Duvessa! Your touch misses Duvessa.
Duvessa is severely wounded.
You slash the centaur skeleton! You closely miss the goblin. You hit Dowan.
The centaur skeleton hits you but does no damage.
The centaur skeleton barely misses you.
Duvessa hits you with a +2 short sword of draining!
* * * LOW HITPOINT WARNING * * *
You feel drained. You block the goblin's attack. Dowan barely misses you.
You completely miss Duvessa.
Duvessa is severely wounded.
You hit the centaur skeleton.
You feel the power of Trog in you as your rage grows.
You destroy the centaur skeleton!
Trog accepts your kill.
You hit the goblin.
You kill the goblin!
Trog accepts your kill.
You hit Dowan. Duvessa barely misses you. Dowan casts a spell at you.
The puff of flame misses you.
You have reached level 6!
Your demonic ancestry asserts itself...
Your hands glow brighter with unholy energy.
You completely miss Duvessa.
Duvessa is severely wounded.
You closely miss Dowan. Duvessa misses you. You block Dowan's attack.
You hit Duvessa.
Duvessa is severely wounded.
You completely miss Dowan.
Duvessa hits you with a +2 short sword of draining!
* * * LOW HITPOINT WARNING * * *
You feel drained.
You die...

.... #....g.. #### #.
##......# #. #. ......# #
#. ##. #.....# # #. #..
##....(# # ###.###
#.###Z.....# ## ###+###
#....g§....# .##
####e)⌠####.####$....# ..#
..+e@.'..$.# ####.## #.#
##⌠.⌠###### #.# #.#
###'### #.# #.## ###.###
#.# #..## #.# #.##
##..####### #.# #..#
..........######.### ##.#
###..####.....#..#.#######
#.. ##.#
##.##............#######.


You could see Duvessa and Dowan.

Vanquished Creatures
  An ogre (D:3)
  A scorpion (D:4)
  A centaur skeleton (D:4)
  5 adders
  6 endoplasms
  A giant cockroach (D:1)
  4 goblins
  4 hobgoblins
  14 jackals
  A quokka (D:4)
  3 ball pythons
  7 bats
  5 frilled lizards
  3 kobolds
  5 rats
61 creatures vanquished.

Notes
Turn   | Place    | Note
-------+----------+-------------------------------------------
     0 | D:1      | knot the Demonspawn Berserker began the quest for the Orb.
     0 | D:1      | Reached XP level 1. HP: 18/18 MP: 1/1
   227 | D:1      | Gained mutation: You regenerate magic rapidly. [demonic
                  | ancestry]
   227 | D:1      | Reached XP level 2. HP: 16/24 MP: 2/2
   834 | D:1      | Reached skill level 3 in Axes
  1456 | D:2      | Gained mutation: Your touch may inflict minor irresistible
                  | damage on your foes. [demonic ancestry]
  1456 | D:2      | Reached XP level 3. HP: 28/29 MP: 3/3
  2093 | D:2      | Reached ** piety under Trog
  2177 | D:2      | Reached XP level 4. HP: 31/35 MP: 4/4
  2249 | D:2      | Reached skill level 1 in Throwing
  2509 | D:3      | Noticed an ogre
  2527 | D:3      | Killed an ogre
  2528 | D:3      | Reached skill level 4 in Axes
  2528 | D:3      | Reached XP level 5. HP: 13/41 MP: 5/5
  2776 | D:3      | Found Daocsar's Antique Armour Emporium.
  3484 | D:4      | Found a staircase to the Ecumenical Temple.
  3711 | D:4      | Noticed Dowan
  3712 | D:4      | Noticed Duvessa
  3731 | Temple   | Entered the Ecumenical Temple
  4225 | D:4      | Gained mutation: Your touch may inflict irresistible damage
                  | on your foes. [demonic ancestry]
  4225 | D:4      | Reached XP level 6. HP: 13/40 MP: 6/6
  4226 | D:4      | HP: 1/60 [Duvessa (12)]
  4226 | D:4      | Slain by Duvessa

Illustrated notes

Levels and vault maps discovered:
D:1:      lordsloth_arrival_two_stooges, layout_basic, grunt_decor_fettered,
          minmay_misc_feat_diagonals, nicolae_concentric_dashed_squares_wild
D:2:      layout_rooms, hangedman_decor_clover_reticule
D:3:      layout_basic, serial_shops, shop, kennysheep_path_1
D:4:      layout_rooms, temple_doors_e, uniq_duvessa, uniq_ijyb
Temple:   dshaligram_water_room_temple

Skill      XL: |  1  2  3  4 |
---------------+-------------+-----
Armour         | 2 |  2.3
Dodging        | 2 |  2.3
Axes           | 3 4 |  4.5
Throwing       | 2 |  2.9
Fighting       | |  3.4

Action                   |  1- 3 |  4- 6 || total
-------------------------+-------+-------++-------
Melee: Hand axe          |   100 |    40 ||   140
       Punch             |     2 |     1 ||     3
       Touch             |     6 |     7 ||    13
       War axe           |       |    11 ||    11
Throw: Dart              |       |     1 ||     1
Invok: Berserk           |     3 |     4 ||     7
  Use: Potion            |       |     4 ||     4
 Stab: Sleeping          |       |     1 ||     1
Armor: Animal skin       |    25 |    18 ||    43
Dodge: Dodged            |    87 |    54 ||   141
Block: Other             |       |     7 ||     7

Table legend: (Time is in decaauts)
 A = Elapsed time spent in this place.
 B = Non-inter-level travel time spent in this place.
 C = Inter-level travel time spent in this place.
 D = Time resting spent in this place.
 E = Time spent auto-exploring this place.
 F = Levels seen in this place.
 G = Mean time per level.
                   A        B        C        D        E       F      G
               +--------+--------+--------+--------+--------+-----+--------+
         Total |   4302 |   4195 |    107 |   1505 |   2252 |   5 |  860.4 |
       Dungeon |   3806 |   3699 |    107 |   1022 |   2252 |   4 |  951.5 |
        Temple |    496 |    496 |      0 |    482 |      0 |   1 |  496.0 |
               +--------+--------+--------+--------+--------+-----+--------+

Top non-repeatable levels by time:
     D:1: 1468 daAuts
     D:2: 928 daAuts
     D:3: 848 daAuts
     D:4: 560 daAuts
  Temple: 496 daAuts
